NYP
LOS ANGELES (NYP) ANGELS @ MINNESOTA (NYP) TWINS
09/19/2049
 
TOP OF THE 1ST
Los Angeles (NYP) Angels batting - Pitching for Minnesota (NYP) Twins : RHP Miguel Montelongo
Pitching: RHP Miguel Montelongo
Batting: RHB Ken Hillman 0-0: Called Strike
0-1: Called Strike
0-2: Ball
1-2: Foul Ball, location: 2F
1-2: Strikes out swinging
Batting: RHB Scott Webb 0-0: Ball
1-0: Fly out, F9 (Flyball, 9LS, EV 83.1 MPH)
Batting: RHB Dan Myers 0-0: Ball
1-0: Called Strike
1-1: Ball
2-1: Fly out, F3 (Popup, 23F, EV 90.0 MPH)
Top of the 1st over - 0 runs, 0 hits, 0 errors, 0 left on base; Los Angeles (NYP) 0 - Minnesota (NYP) 0
BOTTOM OF THE 1ST
Minnesota (NYP) Twins batting - Pitching for Los Angeles (NYP) Angels : RHP Javier Carrasco
Pitching: RHP Javier Carrasco
Batting: RHB David McClellan 0-0: Foul Ball, location: 2F
0-1: Called Strike
0-2: Reached via error on a dropped throw from SS, E3 (Groundball, 6, EV 89.4 MPH)
Batting: RHB Steve Raine 0-0: Foul Ball, location: 2F
0-1: Ball
1-1: Ball
2-1: Called Strike
2-2: Foul Ball, location: 2F
2-2: Ball
3-2: Strikes out swinging
Batting: LHB Hector Olvera 0-0: SINGLE (Groundball, 4D, EV 101.2 MPH)
David McClellan to second
Runner from 2nd tries for 3rd, SAFE, no throw by CF
Batting: LHB Ben Roth 0-0: Ball
1-0: Ball
2-0: SINGLE (Line Drive, 89S, EV 102.5 MPH)
David McClellan scores
Hector Olvera to second
Batting: LHB Marvin Shepherd 0-0: Ball
1-0: Called Strike
1-1: Ball
2-1: Foul Ball, location: 2F
2-2: Ball
3-2: Base on Balls
Hector Olvera to third
Ben Roth to second
Batting: RHB Alexandre Garcia 0-0: Swinging Strike
0-1: Ball
Wild Pitch!
Hector Olvera scores
Ben Roth to third
Marvin Shepherd to second
1-1: Ball
2-1: Foul Ball, location: 2F
2-2: Strikes out swinging
Batting: LHB Jose Hilario 0-0: Ball
1-0: Ball
2-0: Ball
Wild Pitch!
Ben Roth scores
Marvin Shepherd to third
3-0: Called Strike
3-1: Base on Balls
Batting: RHB Fernando Bravo 0-0: Foul Ball, location: 2F
0-1: Swinging Strike
0-2: Strikes out looking
Bottom of the 1st over - 3 runs, 2 hits, 1 error, 2 left on base; Los Angeles (NYP) 0 - Minnesota (NYP) 3
TOP OF THE 2ND
Los Angeles (NYP) Angels batting - Pitching for Minnesota (NYP) Twins : RHP Miguel Montelongo
Batting: RHB Ivan Barrientos 0-0: DOUBLE (Groundball, 5L, EV 101.9 MPH)
Batting: RHB Kyle Gray 0-0: Ground out 4-3 (Groundball, 4S, EV 73.1 MPH)
Ivan Barrientos to third
Batting: RHB Aaron Bryant 0-0: Called Strike
0-1: Swinging Strike
0-2: Strikes out swinging
Batting: LHB Matthew Bale 0-0: Ball
1-0: Ball
Wild Pitch!
Ivan Barrientos scores
2-0: Ball
3-0: Foul Ball, location: 2F
3-1: Swinging Strike
3-2: Foul Ball, location: 2F
3-2: SINGLE (Flyball, 8LS, EV 94.4 MPH)
Batting: LHB Jamie Diebel 0-0: Called Strike
0-1: Ground out U3 (Groundball, 3, EV 103.1 MPH)
Top of the 2nd over - 1 run, 2 hits, 0 errors, 1 left on base; Los Angeles (NYP) 1 - Minnesota (NYP) 3
BOTTOM OF THE 2ND
Minnesota (NYP) Twins batting - Pitching for Los Angeles (NYP) Angels : RHP Javier Carrasco
Batting: SHB Juan Aguilar 0-0: Ball
1-0: Foul Ball, location: 2F
1-1: Ball
2-1: Swinging Strike
2-2: Strikes out looking
Batting: RHB David McClellan 0-0: Reached on error, E3 (Groundball, 34, EV 89.4 MPH)
Batting: RHB Steve Raine 0-0: Called Strike
0-1: Called Strike
David McClellan is caught stealing 2nd base 2-4
0-2: Strikes out swinging
Bottom of the 2nd over - 0 runs, 0 hits, 1 error, 0 left on base; Los Angeles (NYP) 1 - Minnesota (NYP) 3
TOP OF THE 3RD
Los Angeles (NYP) Angels batting - Pitching for Minnesota (NYP) Twins : RHP Miguel Montelongo
Batting: SHB Tim Connell 0-0: Fly out, F9 (Flyball, 89D, EV 98.1 MPH)
Batting: RHB Ken Hillman 0-0: Swinging Strike
0-1: Ball
1-1: Called Strike
1-2: Foul Ball, location: 2F
1-2: Ground out U3 (Groundball, 34, EV 100.6 MPH)
Batting: RHB Scott Webb 0-0: Ball
1-0: Called Strike
1-1: SINGLE (Groundball, 4S, EV 75.0 MPH) (infield hit)
Batting: RHB Dan Myers 0-0: Called Strike
0-1: Ball
1-1: Ball
2-1: Called Strike
2-2: TRIPLE (Line Drive, 78XD, EV 107.5 MPH)
Scott Webb scores
Batting: RHB Ivan Barrientos 0-0: Called Strike
0-1: Ball
1-1: Ball
2-1: Ball
3-1: Foul Ball, location: 2F
3-2: Strikes out looking
Top of the 3rd over - 1 run, 2 hits, 0 errors, 1 left on base; Los Angeles (NYP) 2 - Minnesota (NYP) 3
BOTTOM OF THE 3RD
Minnesota (NYP) Twins batting - Pitching for Los Angeles (NYP) Angels : RHP Javier Carrasco
Batting: LHB Hector Olvera 0-0: Ground out U3 (Groundball, 3L, EV 85.0 MPH)
Batting: LHB Ben Roth 0-0: Foul Ball, location: 2F
0-1: Ground out 4-3 (Groundball, 4, EV 106.2 MPH)
Batting: LHB Marvin Shepherd 0-0: Ball
1-0: Called Strike
1-1: Foul Ball, location: 2F
1-2: Ball
2-2: Ball
3-2: Base on Balls
Batting: RHB Alexandre Garcia 0-0: Ball
1-0: Ball
2-0: Ball
3-0: Base on Balls
Marvin Shepherd to second
Batting: LHB Jose Hilario 0-0: Swinging Strike
0-1: Fly out, F7 (Flyball, 78D, EV 92.5 MPH)
Bottom of the 3rd over - 0 runs, 0 hits, 0 errors, 2 left on base; Los Angeles (NYP) 2 - Minnesota (NYP) 3
TOP OF THE 4TH
Los Angeles (NYP) Angels batting - Pitching for Minnesota (NYP) Twins : RHP Miguel Montelongo
Batting: RHB Kyle Gray 0-0: Ball
1-0: Foul Ball, location: 2F
1-1: Foul Ball, location: 2F
1-2: DOUBLE (Flyball, 89XD, EV 102.5 MPH)
Batting: RHB Aaron Bryant 0-0: Called Strike
0-1: Called Strike
0-2: Hit by Pitch
Batting: LHB Matthew Bale 0-0: Called Strike
0-1: Ball
1-1: Grounds into double play, 4-6-3 (Groundball, 4, EV 85.6 MPH)
Kyle Gray to third
Batting: LHB Jamie Diebel 0-0: Ball
1-0: Ball
2-0: Called Strike
2-1: SINGLE (Groundball, 6M, EV 94.4 MPH)
Kyle Gray scores
Batting: SHB Tim Connell 0-0: Foul Ball, location: 2F
0-1: Foul Ball, location: 2F
0-2: Strikes out swinging
Top of the 4th over - 1 run, 2 hits, 0 errors, 1 left on base; Los Angeles (NYP) 3 - Minnesota (NYP) 3
BOTTOM OF THE 4TH
Minnesota (NYP) Twins batting - Pitching for Los Angeles (NYP) Angels : RHP Javier Carrasco
Batting: RHB Fernando Bravo 0-0: Ground out 4-3 (Groundball, 4M, EV 107.5 MPH)
Batting: SHB Juan Aguilar 0-0: Ball
1-0: Called Strike
1-1: Ball
2-1: Ball
3-1: Swinging Strike
3-2: Strikes out swinging
Batting: RHB David McClellan 0-0: Ball
1-0: Ball
2-0: Ground out U3 (Groundball, 3, EV 86.2 MPH)
Bottom of the 4th over - 0 runs, 0 hits, 0 errors, 0 left on base; Los Angeles (NYP) 3 - Minnesota (NYP) 3
TOP OF THE 5TH
Los Angeles (NYP) Angels batting - Pitching for Minnesota (NYP) Twins : RHP Miguel Montelongo
Batting: RHB Ken Hillman 0-0: Ground out 4-3 (Groundball, 4S, EV 78.1 MPH)
Batting: RHB Scott Webb 0-0: Called Strike
0-1: Ball
1-1: Ball
2-1: Swinging Strike
2-2: Ball
3-2: Foul Ball, location: 2F
3-2: Strikes out looking
Batting: RHB Dan Myers 0-0: Swinging Strike
0-1: Ball
1-1: Called Strike
1-2: Strikes out swinging
Top of the 5th over - 0 runs, 0 hits, 0 errors, 0 left on base; Los Angeles (NYP) 3 - Minnesota (NYP) 3
BOTTOM OF THE 5TH
Minnesota (NYP) Twins batting - Pitching for Los Angeles (NYP) Angels : RHP Javier Carrasco
Batting: RHB Steve Raine 0-0: Called Strike
0-1: Swinging Strike
0-2: Foul Ball, location: 2F
0-2: Ball
1-2: Strikes out swinging
Batting: LHB Hector Olvera 0-0: Called Strike
0-1: Foul Ball, location: 2F
0-2: Fly out, F9 (Flyball, 9, EV 95.0 MPH)
Batting: LHB Ben Roth 0-0: Ball
1-0: Called Strike
1-1: Called Strike
1-2: DOUBLE (Flyball, 8LXD, EV 100.6 MPH)
Batting: LHB Marvin Shepherd 0-0: Ball
1-0: Ball
2-0: Ball
3-0: Called Strike
3-1: Called Strike
3-2: Foul Ball, location: 2F
3-2: Base on Balls
Batting: RHB Alexandre Garcia 0-0: Swinging Strike
0-1: Ball
1-1: Ball
2-1: Foul Ball, location: 2F
2-2: Reached on error, E5 (Groundball, 15, EV 90.6 MPH)
Ben Roth scores
Marvin Shepherd to third
Pitching: RHP Victor Padilla
Batting: LHB Jose Hilario 0-0: Ball
1-0: SINGLE (Groundball, 25, EV 68.8 MPH) (infield hit)
Marvin Shepherd scores
Alexandre Garcia to third
Batting: RHB Fernando Bravo 0-0: Ball
Jose Hilario is caught stealing 2nd base 2-4
Bottom of the 5th over - 2 runs, 2 hits, 1 error, 1 left on base; Los Angeles (NYP) 3 - Minnesota (NYP) 5
TOP OF THE 6TH
Los Angeles (NYP) Angels batting - Pitching for Minnesota (NYP) Twins : RHP Miguel Montelongo
Batting: RHB Ivan Barrientos 0-0: Ball
1-0: Ball
2-0: Called Strike
2-1: Foul Ball, location: 2F
2-2: Ground out 4-3 (Groundball, 4, EV 91.2 MPH)
Batting: RHB Kyle Gray 0-0: SINGLE (Line Drive, 9LS, EV 87.5 MPH)
Pitching: RHP Larry Muttart
Batting: RHB Aaron Bryant 0-0: Called Strike
0-1: Ball
1-1: Ball
2-1: Called Strike
2-2: SINGLE (Groundball, 4M, EV 86.9 MPH) (infield hit)
Kyle Gray to second
Batting: LHB Matthew Bale 0-0: Called Strike
0-1: Swinging Strike
0-2: Ball
1-2: Ball
2-2: Fielders Choice at 2nd, 4-6 (Groundball, 4M, EV 101.9 MPH)
Kyle Gray to third
Batting: LHB Jamie Diebel 0-0: Called Strike
0-1: Ball
1-1: Swinging Strike
1-2: Ball
2-2: Ball
3-2: Foul Ball, location: 2F
3-2: Foul Ball, location: 2F
3-2: Foul Ball, location: 2F
3-2: Foul Ball, location: 2F
3-2: Strikes out swinging
Top of the 6th over - 0 runs, 2 hits, 0 errors, 2 left on base; Los Angeles (NYP) 3 - Minnesota (NYP) 5
BOTTOM OF THE 6TH
Minnesota (NYP) Twins batting - Pitching for Los Angeles (NYP) Angels : RHP Victor Padilla
Batting: RHB Fernando Bravo 0-0: Called Strike
0-1: Ground out U3 (Groundball, 34, EV 92.5 MPH)
Batting: SHB Juan Aguilar 0-0: Ball
1-0: Ball
2-0: Ball
3-0: Called Strike
3-1: Called Strike
3-2: Base on Balls
Batting: RHB David McClellan 0-0: Ball
Wild Pitch!
Juan Aguilar to second
1-0: Called Strike
1-1: SINGLE (Line Drive, 4D, EV 98.1 MPH)
Juan Aguilar to third
Batting: RHB Steve Raine 0-0: Ball
1-0: Called Strike
David McClellan is caught stealing 2nd base 2-4
1-1: Foul Ball, location: 2F
1-2: Foul Ball, location: 2F
1-2: Ball
2-2: Foul Ball, location: 2F
2-2: Ball
3-2: Foul Ball, location: 2F
3-2: SINGLE (Line Drive, 3L, EV 105.6 MPH)
Juan Aguilar scores
Batting: LHB Hector Olvera 0-0: Called Strike
0-1: Foul Ball, location: 2F
0-2: Foul Ball, location: 2F
0-2: Ball
1-2: Fly out, F8 (Flyball, 8RXD, EV 93.1 MPH)
Bottom of the 6th over - 1 run, 2 hits, 0 errors, 1 left on base; Los Angeles (NYP) 3 - Minnesota (NYP) 6
TOP OF THE 7TH
Los Angeles (NYP) Angels batting - Pitching for Minnesota (NYP) Twins : RHP Larry Muttart
Batting: SHB Tim Connell 0-0: Ball
1-0: Ball
2-0: Called Strike
2-1: Foul Ball, location: 2F
2-2: Fly out, F3 (Line Drive, 3, EV 66.9 MPH)
Batting: RHB Ken Hillman 0-0: Called Strike
0-1: Foul Ball, location: 2F
0-2: Hit by Pitch
Pitching: RHP Karel Braaksma
Batting: RHB Scott Webb 0-0: Called Strike
0-1: Called Strike
Balk!
Ken Hillman to second
Balk!
Ken Hillman to third
0-2: Ball
1-2: SINGLE (Line Drive, 89S, EV 105.0 MPH)
Ken Hillman scores
Batting: RHB Dan Myers 0-0: Called Strike
Scott Webb steals 2nd base
0-1: Foul Ball, location: 2F
0-2: Ground out 5-3 (Groundball, 56S, EV 83.1 MPH)
Batting: RHB Ivan Barrientos 0-0: Ball
1-0: Ball
2-0: Called Strike
2-1: Ground out 5-3 (Groundball, 56S, EV 81.9 MPH)
Top of the 7th over - 1 run, 1 hit, 0 errors, 1 left on base; Los Angeles (NYP) 4 - Minnesota (NYP) 6
BOTTOM OF THE 7TH
Minnesota (NYP) Twins batting - Pitching for Los Angeles (NYP) Angels : RHP Victor Padilla
Pitching: RHP Manuel Vega
Batting: LHB Ben Roth 0-0: Called Strike
0-1: Ball
1-1: Swinging Strike
1-2: Strikes out swinging
Batting: LHB Marvin Shepherd 0-0: Foul Ball, location: 2F
0-1: Foul Ball, location: 2F
0-2: Ground out 6-3 (Groundball, 6, EV 111.2 MPH)
Batting: RHB Alexandre Garcia 0-0: Ground out 5-3 (Groundball, 56, EV 80.6 MPH)
Bottom of the 7th over - 0 runs, 0 hits, 0 errors, 0 left on base; Los Angeles (NYP) 4 - Minnesota (NYP) 6
TOP OF THE 8TH
Los Angeles (NYP) Angels batting - Pitching for Minnesota (NYP) Twins : RHP Karel Braaksma
Batting: RHB Kyle Gray 0-0: Called Strike
0-1: Ball
1-1: Swinging Strike
1-2: Ground out 6-3 (Groundball, 6, EV 86.2 MPH)
Batting: RHB Aaron Bryant 0-0: Ball
1-0: Swinging Strike
1-1: Foul Ball, location: 2F
1-2: Ball
2-2: Strikes out swinging
Batting: LHB Matthew Bale 0-0: Foul Ball, location: 2F
0-1: Ball
1-1: Ball
2-1: Foul Ball, location: 2F
2-2: Ball
3-2: Foul Ball, location: 2F
3-2: Base on Balls
Batting: LHB Jamie Diebel 0-0: Ball
1-0: Ball
2-0: Hit by Pitch
Matthew Bale to second
Pitching: RHP Matt Parsons
Batting: SHB Tim Connell 0-0: Called Strike
0-1: DOUBLE (Groundball, 3L, EV 104.4 MPH)
Matthew Bale scores
Jamie Diebel to third
Pinch Hitting: LHB Edgar van der Meeren 0-0: Called Strike
0-1: Called Strike
0-2: Foul Ball, location: 2F
0-2: Foul Ball, location: 2F
0-2: Strikes out swinging
Top of the 8th over - 1 run, 1 hit, 0 errors, 2 left on base; Los Angeles (NYP) 5 - Minnesota (NYP) 6
BOTTOM OF THE 8TH
Minnesota (NYP) Twins batting - Pitching for Los Angeles (NYP) Angels : RHP Manuel Vega
Now at 3B: Ron Major
Batting: LHB Jose Hilario 0-0: Called Strike
0-1: Foul Ball, location: 2F
0-2: Foul Ball, location: 2F
0-2: Fly out, F9 (Flyball, 89D, EV 100.6 MPH)
Batting: RHB Fernando Bravo 0-0: Foul Ball, location: 2F
0-1: Ball
1-1: Ground out 5-3 (Groundball, 56S, EV 68.1 MPH)
Batting: SHB Juan Aguilar 0-0: Ball
1-0: Called Strike
1-1: Ball
2-1: Ground out U3 (Groundball, 23, EV 85.0 MPH)
Bottom of the 8th over - 0 runs, 0 hits, 0 errors, 0 left on base; Los Angeles (NYP) 5 - Minnesota (NYP) 6
TOP OF THE 9TH
Los Angeles (NYP) Angels batting - Pitching for Minnesota (NYP) Twins : RHP Matt Parsons
Batting: RHB Scott Webb 0-0: Called Strike
0-1: Ground out 3-1 (Groundball, 34, EV 83.1 MPH)
Batting: RHB Dan Myers 0-0: Ball
1-0: Ground out 4-3 (Groundball, 4, EV 86.9 MPH)
Batting: RHB Ivan Barrientos 0-0: Ground out U3 (Groundball, 3S, EV 68.1 MPH)
Top of the 9th over - 0 runs, 0 hits, 0 errors, 0 left on base; Los Angeles (NYP) 5 - Minnesota (NYP) 6
Sunday, July 16th , 2023 - OOTP Baseball 24.6 Build 69